 Dungeon Sprint DCSS version 0.16-a0-4078-g0e80503 (webtiles) character file.

84 BluebellGnoll the Covert (level 4, -9/21 HPs)
             Began as a Spriggan Enchanter on Feb 22, 2015.
             Was an Initiate of Vehumet.
             Killed from afar by a deep elf mage (30 damage)
             ... with a bolt of magma
             ... in the Dungeon (Sprint IX: "|||||||||||||||||||||||||||||").
             The game lasted 00:02:14 (228 turns).

BluebellGnoll the Covert (Spriggan Enchanter)        Turns: 228, Time: 00:02:14

Health: -9/21      AC:  6    Str:  4    XL:     4   Next: 24%
Magic:  9/12       EV: 18    Int: 17    God:    Vehumet [......]
Gold:   0          SH:  0    Dex: 19    Spells: 4 memorised, 0 levels left

rFire  . . .     SeeInvis +     o - +2 rapier (drain)
rCold  . . .     Clarity  .     b - +1 robe
rNeg   . . .     SustAb   .     (shield restricted)
rPois  .         Gourm    .     (helmet restricted)
rElec  .         Spirit   .     a - +0 cloak
rCorr  .         Warding  .     (gloves unavailable)
rMut   .         NoTele   +     (boots unavailable)
MR     .....                    (no amulet)
Stlth  ++++++....               q - +2 ring of protection
                                p - +3 ring of dexterity

@: very quick, not resistant to hostile enchantments, very stealthy
A: unfitting armour, see invisible, herbivore 3, speed 3, slow metabolism 2
a: Renounce Religion


You were in the Dungeon.
You worshipped Vehumet.
Vehumet was noncommittal.
You were not hungry.

You visited 1 branch

Inventory:

Hand weapons
 o - a +2 rapier of draining (weapon)
Armour
 a - a +0 cloak (worn)
 b - a +1 robe (worn)
Magical staves
 n - an uncursed staff of energy
Jewellery
 p - a +3 ring of dexterity (left hand)
 q - a +2 ring of protection (right hand)
Magical devices
 m - a wand of fire (7)
Scrolls
 j - 2 scrolls of blinking
 k - 3 scrolls of remove curse
 l - 2 scrolls of amnesia
Potions
 e - a potion of invisibility
 f - 3 potions of heal wounds
 g - 4 potions of curing
 h - 4 potions of magic
Books
 c - a book of Maledictions

   Spells                             Type                      Level
   a - Corona                         Hexes                        1
   b - Sure Blade                     Hexes/Charms                 2
   c - Ensorcelled Hibernation        Hexes/Ice                    2
   d - Confuse                        Hexes                        3
   e - Dazzling Spray                 Conjuration/Hexes            3
   f - Enslavement                    Hexes                        4
Comestibles
 d - a bread ration
 i - a chunk of flesh


   Skills:
 - Level 1.1 Short Blades
 - Level 3.0 Dodging
 - Level 13.2 Stealth
 * Level 2.6 Spellcasting
 + Level 3.6 Hexes


You couldn't memorise any spells.
You knew the following spells:

 Your Spells              Type           Power        Failure   Level  Hunger
a - Corona                Hex            ##.....      4%          1    #......
b - Ensorcelled Hibernat  Hex/Ice        #.....       17%         2    ##.....
c - Confuse               Hex            ##......     14%         3    ###....
d - Sure Blade            Hex/Chrm       #.........   17%         2    ##.....


Dungeon Overview and Level Annotations

Branches:
Dungeon (1/1)

Altars:
Cheibriados
Dithmenos
Elyvilon
Fedhas
Gozag
Kikubaaqudgha
Makhleb
Nemelex Xobeh
Okawaru
Qazlal
Ru
Sif Muna
Trog
Vehumet
Xom
Yredelemnul
Zin
The Shining One
Beogh
Jiyva
Lugonu


Innate Abilities, Weirdness & Mutations

You are tiny and cannot use many weapons and most armour.
You have supernaturally acute eyesight.
You are a herbivore.
You cover ground extremely quickly.
You need consume almost no food.


Message History

You start resting.
Your magical contamination has completely faded away.
You start resting.
HP restored.
You open the door.
A bat, a deep elf mage, an ogre, a hill giant, a zombie and a skeleton come into view.
The hill giant shouts!
The deep elf mage shouts!
Cast which spell? (? or * to list)
Aiming: Confuse
Press: ? - help, Shift-Dir - straight line, f - jackal zombie
Aim: a jackal zombie (chance 62%)
The jackal zombie appears confused.
The ogre shouts!
The jackal zombie barely misses you.
The deep elf mage points at you and mumbles some strange words.
The bolt of magma hits the jackal zombie.
The jackal zombie is destroyed!
The bolt of magma hits you!
Ouch! That really hurt!
You die... ▓▓▓▓▓▓▓▓▓▓▓▓▓▓▓▓▓▓▓▓▓▓▓▓▓ +OZ.Cbe'@.[[.)...'_______ ▓▓▓▓▓▓▓▓▓▓▓▓▓▓▓▓▓▓▓▓▓▓▓▓▓

You could see a hill giant, a deep elf mage, an ogre, a bat and a giant gecko skeleton.

Vanquished Creatures
  A scorpion (D)
  A worker ant (D)
  An ooze (D)
  An orc (D)
  A ball python (D)
  A giant cockroach (D)
  A hobgoblin (D)
  A jackal (D)
  A bat (D)
  A giant newt (D)
10 creatures vanquished.

Vanquished Creatures (others)
  A jackal zombie (D)
1 creature vanquished.

Grand Total: 11 creatures vanquished

Notes
Turn   | Place    | Note
--------------------------------------------------------------
     0 | D        | BluebellGnoll, the Spriggan Enchanter, began the quest for the Orb.
     0 | D        | Reached XP level 1. HP: 9/9 MP: 4/4
     6 | D        | Reached skill level 5 in Stealth
    11 | D        | Reached skill level 6 in Stealth
    26 | D        | Reached skill level 7 in Stealth
    38 | D        | Noticed a scorpion
    38 | D        | Noticed a worker ant
    44 | D        | Killed a worker ant
    44 | D        | Reached skill level 10 in Stealth
    44 | D        | Reached XP level 2. HP: 13/13 MP: 7/7
    44 | D        | Reached XP level 3. HP: 16/16 MP: 9/9
    53 | D        | Killed a scorpion
    53 | D        | Reached skill level 13 in Stealth
    53 | D        | Reached XP level 4. HP: 10/21 MP: 12/12
    77 | D        | Found a glowing silver altar of Zin.
    77 | D        | Found a glowing golden altar of the Shining One.
    77 | D        | Found an ancient bone altar of Kikubaaqudgha.
    77 | D        | Found a basalt altar of Yredelemnul.
    77 | D        | Found a shimmering altar of Xom.
    77 | D        | Found a radiant altar of Vehumet.
    77 | D        | Found an iron altar of Okawaru.
    78 | D        | Found a burning altar of Makhleb.
    79 | D        | Found a deep blue altar of Sif Muna.
    80 | D        | Found a bloodstained altar of Trog.
    81 | D        | Found a sparkling altar of Nemelex Xobeh.
    82 | D        | Found a white marble altar of Elyvilon.
    83 | D        | Found a roughly hewn altar of Beogh.
    84 | D        | Found a viscous altar of Jiyva.
    85 | D        | Became a worshipper of Vehumet
    86 | D        | Found a corrupted altar of Lugonu.
    87 | D        | Found a blossoming altar of Fedhas.
    88 | D        | Found a snail-covered altar of Cheibriados.
    89 | D        | Found a shadowy altar of Dithmenos.
    90 | D        | Found a stormy altar of Qazlal.
    91 | D        | Found an opulent altar of Gozag.
    92 | D        | Found a sacrificial altar of Ru.
   132 | D        | Learned a level 2 spell: Ensorcelled Hibernation
   136 | D        | Learned a level 3 spell: Confuse
   139 | D        | Learned a level 2 spell: Sure Blade
   227 | D        | Noticed an ogre
   227 | D        | Noticed a hill giant
   227 | D        | Noticed a deep elf mage
   228 | D        | Killed from afar by a deep elf mage

Action                   |  1- 3 |  4- 6 || total
-------------------------+-------+-------++-------
Melee: Dagger            |    32 |     5 ||    37
 Cast: Confuse           |       |     1 ||     1
  Use: Potion            |     2 |     1 ||     3
 Stab: Sleeping          |     2 |       ||     2
